ITL
INDIANA HOUNDS @ BLUEVILLE 83'S
04/20/2026
 
TOP OF THE 1ST
Indiana Hounds batting - Pitching for Blueville 83's : RHP Cody White
Pitching: RHP Cody White
Batting: RHB Howard Daniel 0-0: Ball
1-0: Fly out, F7 (Flyball, 78S)
Batting: RHB Domingo Romero 0-0: Foul Ball, location: 2F
0-1: SINGLE (Line Drive, 9S)
Batting: RHB Doug Murray 0-0: Ball
1-0: Called Strike
1-1: Ball
2-1: Ball
3-1: Called Strike
3-2: Foul Ball, location: 2F
3-2: Foul Ball, location: 2F
3-2: Foul Ball, location: 2F
3-2: Foul Ball, location: 2F
3-2: Base on Balls
Domingo Romero to second
Batting: LHB Tommy Evans 0-0: Swinging Strike
0-1: Ball
1-1: Ball
2-1: SINGLE (Flyball, 4MD)
Domingo Romero to third
Doug Murray to second
Batting: RHB Shawn Marshall 0-0: SINGLE (Flyball, 9LS)
Domingo Romero scores
Doug Murray to third
Tommy Evans to second
Runner from 3rd tries for Home, SAFE, no throw or cutoff
Batting: RHB Juan Brieno 0-0: Ball
1-0: Ball
2-0: Ball
3-0: Called Strike
3-1: Base on Balls
Tommy Evans to third
Shawn Marshall to second
Batting: RHB Carlos Moya 0-0: Ball
1-0: Called Strike
1-1: SINGLE (Groundball, 56D)
Tommy Evans scores
Shawn Marshall to third
Juan Brieno to second
Runner from 3rd tries for Home, throw and OUT!
Juan Brieno to third
Carlos Moya to second
Batting: RHB António Venecia 0-0: Called Strike
0-1: Swinging Strike
0-2: Foul Ball, location: 2F
0-2: Ball
1-2: Ball
2-2: Strikes out swinging
Top of the 1st over - 3 run(s), 4 hit(s), 0 error(s), 2 left on base; Indiana 3 - Blueville 0
BOTTOM OF THE 1ST
Blueville 83's batting - Pitching for Indiana Hounds : LHP Darren Blackwell
Pitching: LHP Darren Blackwell
Batting: RHB Bryce Hester 0-0: Fly out, F7 (Flyball, 78S)
Batting: RHB Andy Aiton 0-0: Foul Ball, location: 2F
0-1: Fly out, F9 (Flyball, 9S)
Batting: LHB Ricardo Romero 0-0: Ball
1-0: Ball
2-0: Called Strike
2-1: Foul Ball, location: 2F
2-2: Strikes out swinging
Bottom of the 1st over - 0 run(s), 0 hit(s), 0 error(s), 0 left on base; Indiana 3 - Blueville 0
TOP OF THE 2ND
Indiana Hounds batting - Pitching for Blueville 83's : RHP Cody White
Batting: RHB Paco Castillo 0-0: Ball
1-0: Foul Ball, location: 2F
1-1: Foul Ball, location: 2F
1-2: Fly out, F9 (Line Drive, 9M)
Batting: RHB Howard Daniel 0-0: Ball
1-0: Called Strike
1-1: Called Strike
1-2: Ball
2-2: Ground out 6-3 (Groundball, 6)
Batting: RHB Domingo Romero 0-0: Ball
1-0: Called Strike
1-1: Ball
2-1: SINGLE (Groundball, 4MD)
Batting: RHB Doug Murray 0-0: Ball
Domingo Romero is caught stealing 2nd base
Top of the 2nd over - 0 run(s), 1 hit(s), 0 error(s), 0 left on base; Indiana 3 - Blueville 0
BOTTOM OF THE 2ND
Blueville 83's batting - Pitching for Indiana Hounds : LHP Darren Blackwell
Batting: RHB Jorge Sáenz 0-0: Foul Ball, location: 2F
0-1: Foul Ball, location: 2F
0-2: Ball
1-2: Ground out 6-3 (Groundball, 6)
Batting: LHB Robbie McLaughlin 0-0: Ball
1-0: Called Strike
1-1: Ball
2-1: Ball
3-1: Fly out, F7 (Flyball, 7LS)
Now in LF: Dave Helásquez
Batting: RHB Earl Conrad 0-0: Called Strike
0-1: Ball
1-1: Ball
2-1: SINGLE (Groundball, 5D)
Batting: RHB Kuniaki Kawashima 0-0: Ball
1-0: Called Strike
1-1: Ball
2-1: Foul Ball, location: 2F
2-2: Fielders Choice at 2nd, U6 (Groundball, 6M)
Bottom of the 2nd over - 0 run(s), 1 hit(s), 0 error(s), 1 left on base; Indiana 3 - Blueville 0
TOP OF THE 3RD
Indiana Hounds batting - Pitching for Blueville 83's : RHP Cody White
Batting: RHB Doug Murray 0-0: Ball
1-0: Called Strike
1-1: Ball
2-1: Foul Ball, location: 2F
2-2: Strikes out swinging
Batting: LHB Tommy Evans 0-0: Ball
1-0: Swinging Strike
1-1: Foul Ball, location: 2F
1-2: Strikes out looking
Batting: RHB Shawn Marshall 0-0: Ball
1-0: Ball
2-0: Called Strike
2-1: Foul Ball, location: 2F
2-2: Fly out, F8 (Flyball, 89D)
Top of the 3rd over - 0 run(s), 0 hit(s), 0 error(s), 0 left on base; Indiana 3 - Blueville 0
BOTTOM OF THE 3RD
Blueville 83's batting - Pitching for Indiana Hounds : LHP Darren Blackwell
Batting: LHB Jacob Wright 0-0: Ball
1-0: Ball
2-0: Swinging Strike
2-1: Ball
3-1: Base on Balls
Batting: RHB Gernot Renner 0-0: Ball
1-0: Ball
2-0: SINGLE (Groundball, 6MD)
Jacob Wright to second
Batting: RHB Bryce Hester 0-0: Called Strike
0-1: Foul Ball, location: 2F
0-2: Ball
1-2: Ball
2-2: Foul Ball, location: 2F
2-2: Foul Ball, location: 2F
2-2: SINGLE (Groundball, 34D)
Jacob Wright to third
Gernot Renner to second
Batting: RHB Andy Aiton 0-0: Swinging Strike
0-1: Ball
1-1: Ball
2-1: Called Strike
2-2: Strikes out swinging
Batting: LHB Ricardo Romero 0-0: Fly out, F9 (Flyball, 89M)
Batting: RHB Jorge Sáenz 0-0: Ball
1-0: Ball
2-0: Ball
3-0: Called Strike
3-1: Fly out, F7 (Flyball, 7M)
Bottom of the 3rd over - 0 run(s), 2 hit(s), 0 error(s), 3 left on base; Indiana 3 - Blueville 0
TOP OF THE 4TH
Indiana Hounds batting - Pitching for Blueville 83's : RHP Cody White
Batting: RHB Juan Brieno 0-0: Ball
1-0: Ball
2-0: Ball
3-0: Base on Balls
Batting: LHB Dave Helásquez 0-0: Ball
1-0: Ball
2-0: Ball
3-0: Called Strike
3-1: Called Strike
3-2: SINGLE (Flyball, 78M)
Juan Brieno to second
Juan Brieno to third
Batting: RHB António Venecia 0-0: Called Strike
0-1: Ball
1-1: Swinging Strike
1-2: Ball
2-2: Ball
3-2: Strikes out looking
Batting: RHB Paco Castillo 0-0: Ball
1-0: Ball
2-0: Fly out, F8 (Line Drive, 8LD)
Runner from 3rd tags up, SCORES, no throw
Batting: RHB Howard Daniel 0-0: Swinging Strike
0-1: Ball
1-1: Foul Ball, location: 2F
1-2: Strikes out swinging
Top of the 4th over - 1 run(s), 1 hit(s), 0 error(s), 1 left on base; Indiana 4 - Blueville 0
BOTTOM OF THE 4TH
Blueville 83's batting - Pitching for Indiana Hounds : LHP Darren Blackwell
Batting: LHB Robbie McLaughlin 0-0: Ball
1-0: Called Strike
1-1: Ball
2-1: Ball
3-1: Foul Ball, location: 2F
3-2: SINGLE (Line Drive, 8LS)
Batting: RHB Earl Conrad 0-0: Ball
Balk!
Robbie McLaughlin to second
1-0: Ball
2-0: Called Strike
2-1: Foul Ball, location: 2F
2-2: Strikes out swinging
Batting: RHB Kuniaki Kawashima 0-0: Ball
1-0: Ball
2-0: Ball
3-0: Base on Balls
Batting: LHB Jacob Wright 0-0: Foul Ball, location: 2F
0-1: Foul Ball, location: 2F
0-2: Ball
1-2: Grounds into double play, 6-4-3 (Groundball, 6)
Bottom of the 4th over - 0 run(s), 1 hit(s), 0 error(s), 1 left on base; Indiana 4 - Blueville 0
TOP OF THE 5TH
Indiana Hounds batting - Pitching for Blueville 83's : RHP Cody White
Pitching: RHP José Becerra
Batting: RHB Domingo Romero 0-0: Ball
1-0: Ball
2-0: Ball
3-0: Called Strike
3-1: Foul Ball, location: 2F
3-2: Foul Ball, location: 2F
3-2: SINGLE (Groundball, 34D)
Batting: RHB Doug Murray 0-0: Ball
1-0: Fly out, F9 (Flyball, 89S)
Batting: LHB Tommy Evans 0-0: Ball
1-0: Ball
2-0: Ball
3-0: Base on Balls
Domingo Romero to second
Batting: RHB Shawn Marshall 0-0: Fly out, F8 (Flyball, 8LD)
Runner from 2nd tags up, SAFE at 3rd, no throw
Batting: RHB Juan Brieno 0-0: Ball
1-0: Foul Ball, location: 2F
1-1: Foul Ball, location: 2F
1-2: Fly out, F8 (Flyball, 89D)
Top of the 5th over - 0 run(s), 1 hit(s), 0 error(s), 2 left on base; Indiana 4 - Blueville 0
BOTTOM OF THE 5TH
Blueville 83's batting - Pitching for Indiana Hounds : LHP Darren Blackwell
Batting: RHB Gernot Renner 0-0: Foul Ball, location: 2F
0-1: Ball
1-1: Called Strike
1-2: Foul Ball, location: 2F
1-2: Foul Ball, location: 2F
1-2: Ball
2-2: Ball
3-2: Reached on error, E5 (Groundball, 56S)
Batting: RHB Bryce Hester 0-0: Called Strike
0-1: Called Strike
0-2: Strikes out swinging
Batting: RHB Andy Aiton 0-0: Called Strike
0-1: Called Strike
0-2: Ball
1-2: Ball
2-2: Strikes out swinging
Batting: LHB Ricardo Romero 0-0: Ball
1-0: Ball
2-0: Foul Ball, location: 2F
2-1: Ball
Passed Ball!
Gernot Renner to second
3-1: Ground out 4-3 (Groundball, 4)
Bottom of the 5th over - 0 run(s), 0 hit(s), 1 error(s), 1 left on base; Indiana 4 - Blueville 0
TOP OF THE 6TH
Indiana Hounds batting - Pitching for Blueville 83's : RHP José Becerra
Batting: LHB Dave Helásquez 0-0: Called Strike
0-1: Ball
1-1: Foul Ball, location: 2F
1-2: Strikes out swinging
Batting: RHB António Venecia 0-0: Ball
1-0: Ball
2-0: Called Strike
2-1: Ball
3-1: Fly out, F3 (Popup, 3SF)
Batting: RHB Paco Castillo 0-0: TRIPLE (Line Drive, 9LS)
Batting: RHB Howard Daniel 0-0: Ball
1-0: Ground out 5-3 (Groundball, 5L)
Top of the 6th over - 0 run(s), 1 hit(s), 0 error(s), 1 left on base; Indiana 4 - Blueville 0
BOTTOM OF THE 6TH
Blueville 83's batting - Pitching for Indiana Hounds : LHP Darren Blackwell
Batting: RHB Jorge Sáenz 0-0: Ball
1-0: Ball
2-0: Called Strike
2-1: Ground out 6-3 (Groundball, 6)
Batting: LHB Robbie McLaughlin 0-0: Called Strike
0-1: Called Strike
0-2: Strikes out looking
Batting: RHB Earl Conrad 0-0: SOLO HOME RUN (Line Drive, 78XD), Distance : 426 ft
Batting: RHB Kuniaki Kawashima 0-0: Foul Ball, location: 2F
0-1: Ball
1-1: Called Strike
1-2: SINGLE (Line Drive, 4MD)
Pitching: LHP Dennis Taylor
Batting: LHB Jacob Wright 0-0: Ball
1-0: Ball
2-0: Ball
3-0: Base on Balls
Kuniaki Kawashima to second
Batting: RHB Gernot Renner 0-0: Ball
1-0: Foul Ball, location: 2F
1-1: Fly out, F8 (Flyball, 8LXD)
Bottom of the 6th over - 1 run(s), 2 hit(s), 0 error(s), 2 left on base; Indiana 4 - Blueville 1
TOP OF THE 7TH
Indiana Hounds batting - Pitching for Blueville 83's : RHP José Becerra
Pitching: LHP Pierre Dumont
Batting: RHB Domingo Romero 0-0: SINGLE (Line Drive, 6D)
Batting: RHB Doug Murray 0-0: Grounds into double play, 6-4-3 (Groundball, 6)
Batting: LHB Tommy Evans 0-0: Ball
1-0: Swinging Strike
1-1: Called Strike
1-2: Ball
2-2: Strikes out swinging
Top of the 7th over - 0 run(s), 1 hit(s), 0 error(s), 0 left on base; Indiana 4 - Blueville 1
BOTTOM OF THE 7TH
Blueville 83's batting - Pitching for Indiana Hounds : LHP Dennis Taylor
Batting: RHB Bryce Hester 0-0: Ball
1-0: Ball
2-0: Ball
3-0: Called Strike
3-1: Base on Balls
Batting: RHB Andy Aiton 0-0: Ball
1-0: Called Strike
1-1: Foul Ball, location: 2F
1-2: Fly out, F6 (Popup, 6D)
Batting: LHB Ricardo Romero 0-0: Ball
1-0: Grounds out, U3 (Groundball, 3L)
Batting: RHB Jorge Sáenz 0-0: Called Strike
0-1: Ball
1-1: Swinging Strike
1-2: Ball
2-2: Strikes out swinging
Bottom of the 7th over - 0 run(s), 0 hit(s), 0 error(s), 1 left on base; Indiana 4 - Blueville 1
TOP OF THE 8TH
Indiana Hounds batting - Pitching for Blueville 83's : LHP Pierre Dumont
Batting: RHB Shawn Marshall 0-0: Called Strike
0-1: Foul Ball, location: 2F
0-2: Strikes out looking
Batting: RHB Juan Brieno 0-0: Called Strike
0-1: Ball
1-1: Ball
2-1: Called Strike
2-2: Fly out, F8 (Flyball, 8RXD)
Batting: LHB Dave Helásquez 0-0: Ball
1-0: Ball
2-0: SINGLE (Groundball, 34D)
Batting: RHB António Venecia 0-0: Ball
1-0: Ball
2-0: Ball
3-0: Base on Balls
Dave Helásquez to second
Batting: RHB Paco Castillo 0-0: Called Strike
0-1: Foul Ball, location: 2F
0-2: Strikes out swinging
Top of the 8th over - 0 run(s), 1 hit(s), 0 error(s), 2 left on base; Indiana 4 - Blueville 1
BOTTOM OF THE 8TH
Blueville 83's batting - Pitching for Indiana Hounds : LHP Dennis Taylor
Batting: LHB Robbie McLaughlin 0-0: Called Strike
0-1: Ball
1-1: Ball
2-1: Foul Ball, location: 2F
2-2: Ground out 6-3 (Groundball, 56)
Batting: RHB Earl Conrad 0-0: Called Strike
0-1: Ball
1-1: Called Strike
1-2: Strikes out swinging
Batting: RHB Kuniaki Kawashima 0-0: Swinging Strike
0-1: Ball
1-1: Ball
2-1: Ground out 4-3 (Groundball, 4)
Bottom of the 8th over - 0 run(s), 0 hit(s), 0 error(s), 0 left on base; Indiana 4 - Blueville 1
TOP OF THE 9TH
Indiana Hounds batting - Pitching for Blueville 83's : LHP Pierre Dumont
Batting: RHB Howard Daniel 0-0: Called Strike
0-1: Ball
1-1: Ball
2-1: Ground out 6-3 (Groundball, 6)
Batting: RHB Domingo Romero 0-0: Swinging Strike
0-1: Foul Ball, location: 2F
0-2: Ground out 1-3 (Groundball, 25)
Batting: RHB Doug Murray 0-0: Swinging Strike
0-1: Swinging Strike
0-2: Foul Ball, location: 2F
0-2: Strikes out swinging
Top of the 9th over - 0 run(s), 0 hit(s), 0 error(s), 0 left on base; Indiana 4 - Blueville 1
BOTTOM OF THE 9TH
Blueville 83's batting - Pitching for Indiana Hounds : LHP Dennis Taylor
Pitching: LHP Pedro Torres
Now at 3B: Clint Parkinson
Batting: LHB Jacob Wright 0-0: Ball
1-0: Called Strike
1-1: Foul Ball, location: 2F
1-2: Ball
2-2: Ball
3-2: Fly out, F3 (Popup, 23F)
Batting: RHB Gernot Renner 0-0: Ball
1-0: Foul Ball, location: 2F
1-1: Foul Ball, location: 2F
1-2: Ball
2-2: Ball
3-2: Foul Ball, location: 2F
3-2: Foul Ball, location: 2F
3-2: SINGLE (Groundball, 6MD)
Batting: RHB Bryce Hester 0-0: Ball
1-0: Ball
2-0: Ball
3-0: Base on Balls
Gernot Renner to second
Pinch Hitting: RHB Fernando Díaz 0-0: Called Strike
0-1: Swinging Strike
0-2: Ball
1-2: Ball
2-2: Ball
3-2: Strikes out looking
Pinch Hitting: RHB José Baca 0-0: Called Strike
0-1: Ball
1-1: Ball
2-1: Ball
3-1: DOUBLE (Flyball, 78D)
Gernot Renner scores
Bryce Hester to third
Pinch Hitting: RHB Jorge Rodríguez 0-0: Ball
1-0: Ball
2-0: Ball
3-0: Base on Balls
Pinch Hitting: SHB Luis Muñóz 0-0: Ball
1-0: Called Strike
1-1: Swinging Strike
1-2: Strikes out swinging
Bottom of the 9th over - 1 run(s), 2 hit(s), 0 error(s), 3 left on base; Indiana 4 - Blueville 2
Monday, December 5th, 2016 - OOTP Baseball 17.12 Build 75